 Dungeon Crawl Stone Soup version 0.23.2-40-g277498a001 (webtiles) character file.

Game seed: 472262271576299738

1190 Marnok the Shield-Bearer (level 8, -10/69 HPs)
             Began as a Minotaur Fighter on Oct 8, 2019.
             Was a Believer of Ru.
             Mangled by an orc warrior
             ... wielding a +0 dire flail
              (13 damage)
             ... on level 6 of the Dungeon.
             The game lasted 00:16:18 (4228 turns).

Marnok the Shield-Bearer (Minotaur Fighter)         Turns: 4228, Time: 00:16:19

Health: -10/69     AC:  6    Str: 22    XL:     8   Next: 19%
Magic:  7/7        EV: 11    Int:  5    God:    Ru [**....]
Gold:   226        SH:  0    Dex: 11    Spells: 7/7 levels left

rFire    . . .     SeeInvis .   w - +3 flail (protect)
rCold    + + .     Gourm    .   c - +0 shield
rNeg     . . .     Faith    .   i - +0 leather armour {rC+}
rPois    +         Spirit   .   (helmet restricted)
rElec    .         Reflect  .   k - +0 cloak
rCorr    .         Harm     .   o - +0 pair of gloves
MR       .....                  (no boots)
Stlth    +.........             j - amulet of regeneration
HPRegen  0.61/turn              d - ring of poison resistance
MPRegen  0.10/turn              t - ring of protection from cold

@: confused, about to teleport
A: retaliatory headbutt, horns 2, no fire magic, no hexes magic, no summoning
magic, missing an eye
a: Renounce Religion


You were on level 6 of the Dungeon.
You worshipped Ru.
Ru was pleased with you.
You were hungry.

You visited 1 branch of the dungeon, and saw 7 of its levels.

You collected 226 gold pieces.

Inventory:

Hand Weapons
 a - a +0 long sword
 u - a +0 whip of distortion
 w - a +3 flail of protection (weapon)
 x - a +0 scimitar of draining
Armour
 c - a +0 shield (worn)
 e - a +0 pair of gloves
 i - a +0 leather armour of cold resistance (worn)
 k - a +0 cloak (worn)
 o - a +0 pair of gloves (worn)
 y - the +2 robe "Ali Wouh" {MR- rCorr Str-2 Dex+8}
   (You found it on level 5 of the Dungeon)

   It affects your strength (-2).
   It affects your dexterity (+8).
   It affects your resistance to hostile enchantments.
   It provides partial protection from all sources of acid and corrosion.
Jewellery
 d - a ring of poison resistance (left hand)
 j - an amulet of regeneration (around neck)
 t - a ring of protection from cold (right hand)
Wands
 b - a wand of iceblast (5)
Scrolls
 h - a scroll of enchant armour {unknown}
 l - 2 scrolls of teleportation
 m - a scroll of noise {unknown}
 n - a scroll of identify
 r - a scroll of amnesia {unknown}
 s - a scroll of remove curse {unknown}
 z - a scroll of fog {unknown}
 B - a scroll of blinking {unknown}
Potions
 q - 2 potions of curing
 v - 2 potions of haste
 A - a potion of flight {unknown}
Comestibles
 f - 15 rations


   Skills:
 + Level 5.5 Fighting
 + Level 6.1 Long Blades
 + Level 3.5 Maces & Flails
 + Level 5.2 Armour
 + Level 3.6 Dodging
 + Level 1.2 Stealth
 + Level 7.0 Shields


You had 7 spell levels left.
You didn't know any spells.
Your spell library was empty.

Dungeon Overview and Level Annotations

Branches:
Dungeon (7/15)
 Temple: D:4-7

Altars:
Dithmenos
Fedhas
Kikubaaqudgha
Okawaru
Qazlal
Ru
Vehumet

Annotations:
D:6 Blork the orc, Pikel


Innate Abilities, Weirdness & Mutations

You reflexively headbutt those who attack you in melee.
You have a pair of horns on your head.
You cannot study or cast Fire magic.
You cannot study or cast Hexes magic.
You cannot study or cast Summoning magic.
You are missing an eye, making it more difficult to aim.


Message History

The howler monkey skeleton is stunned by your will and fails to attack.
You block the orc warrior's attack.
As you read the scroll of teleportation, it crumbles to dust.
You feel strangely unstable.
The orc warrior is no longer blind.
Something hits you!
* * * LOW HITPOINT WARNING * * *
The howler monkey skeleton closely misses you.
You furiously retaliate!
You headbutt the howler monkey skeleton.
The orc warrior closely misses you.
A crimson imp comes into view.
It was a potion of ambrosia.
You are confused.
You feel invigorated. Something barely misses you.
The howler monkey skeleton hits you.
* * * LOW HITPOINT WARNING * * *
Something hits you!
* * * LOW HITPOINT WARNING * * *
The orc warrior hits you with a +0 dire flail!
You die...

#.. ############
#.. #.. #### ..
..... ###.###5....
........$.. #.
#......... #. #Z#
#c #@# ##. #o# ..
#o# #####. #c# .
##.....####.##....
.......(o.).......#
#..###.###.##.#.#.#
#. #.# .# .. #.# #


You could see an orc warrior, a centaur, a crimson imp, an orc and a howler
monkey skeleton.

Vanquished Creatures
  A sky beast (D:5)
  A phantom (D:5)
  2 centaurs (D:5)
  A scorpion (D:4)
  2 crimson imps (D:5)
  A howler monkey (D:5)
  2 orc wizards
  A hound (D:3)
  3 orc priests
  A bullfrog skeleton (D:5)
  An iguana (D:3)
  5 worker ants
  A hound skeleton (D:5)
  A worker ant zombie (D:5)
  8 gnolls
  14 adders
  A shadow imp (D:6)
  2 oozes
  An adder skeleton (D:4)
  2 worms
  2 dart slugs
  3 leopard geckos
  12 orcs
  A giant cockroach (D:1)
  6 goblins
  A hobgoblin (D:2)
  16 jackals
  3 kobolds
  3 quokkas
  A ball python (D:3)
  13 bats
  10 frilled lizards
  A jackal skeleton (D:5)
  6 rats
129 creatures vanquished.

Notes
Turn   | Place    | Note
-------+----------+-------------------------------------------
     0 | D:1      | Marnok the Minotaur Fighter began the quest for the Orb.
     0 | D:1      | Reached XP level 1. HP: 19/19 MP: 0/0
   155 | D:1      | Reached XP level 2. HP: 27/27 MP: 1/1
   227 | D:1      | Reached skill level 4 in Shields
   482 | D:1      | Reached XP level 3. HP: 9/33 MP: 2/2
  1189 | D:2      | Reached XP level 4. HP: 20/40 MP: 3/3
  1378 | D:2      | Found a blossoming altar of Fedhas.
  1388 | D:2      | Found a stormy altar of Qazlal.
  1930 | D:2      | Found a faded altar of an unknown god.
  1986 | D:2      | Became a worshipper of Ru the Awakened
  2002 | D:2      | Gained mutation: You are missing an eye, making it more
                  | difficult to aim. [Ru sacrifice]
  2085 | D:3      | Reached skill level 1 in Dodging
  2095 | D:3      | Reached XP level 5. HP: 34/47 MP: 4/4
  2262 | D:3      | Reached skill level 5 in Shields
  2314 | D:3      | Found an ancient bone altar of Kikubaaqudgha.
  2321 | D:3      | Reached XP level 6. HP: 52/53 MP: 5/5
  2387 | D:3      | Found an iron altar of Okawaru.
  2387 | D:3      | Found a radiant altar of Vehumet.
  2388 | D:3      | Found a shadowy altar of Dithmenos.
  2565 | D:4      | Reached skill level 5 in Long Blades
  2654 | D:5      | Entered Level 5 of the Dungeon
  2915 | D:5      | Got a silken robe
  2917 | D:5      | Identified the +2 robe "Ali Wouh" {MR- rCorr Str-2 Dex+8}
                  | (You found it on level 5 of the Dungeon)
  2939 | D:5      | Reached skill level 1 in Stealth
  2939 | D:5      | Reached XP level 7. HP: 60/60 MP: 6/6
  2974 | D:5      | Reached skill level 5 in Armour
  3067 | D:5      | Reached skill level 6 in Shields
  3106 | D:5      | Reached skill level 5 in Fighting
  3130 | D:5      | Reached skill level 1 in Maces & Flails
  3414 | D:5      | Gained mutation: You cannot study or cast Fire magic. [Ru
                  | sacrifice]
  3414 | D:5      | Gained mutation: You cannot study or cast Hexes magic. [Ru
                  | sacrifice]
  3414 | D:5      | Gained mutation: You cannot study or cast Summoning magic.
                  | [Ru sacrifice]
  3414 | D:5      | Reached * piety under Ru
  3414 | D:5      | Reached ** piety under Ru
  3607 | D:5      | Reached XP level 8. HP: 38/68 MP: 7/7
  3729 | D:5      | Reached skill level 7 in Shields
  4169 | D:6      | Noticed Pikel
  4175 | D:6      | Noticed a gargoyle
  4209 | D:6      | Noticed Blork the orc
  4218 | D:6      | HP: 2/69 [orc warrior/+0 dire flail (11)]
  4228 | D:6      | HP: 3/69 [something (11)]
  4228 | D:6      | Mangled by an orc warrior

Skill      XL: |  1  2  3  4  5  6  7  8 |
---------------+-------------------------+-----
Armour         | 4 5 |  5.2
Shields        | 4 5 6 7 |  7.0
Fighting       | 4 5 |  5.5
Long Blades    | 3 4 5 6 |  6.1
Dodging        | 1 2 3 |  3.6
Stealth        | 1 |  1.2
Maces & Flails | 2 3 |  3.5

Action                   |  1- 3 |  4- 6 |  7- 9 || total
-------------------------+-------+-------+-------++-------
Melee: Long sword        |    74 |   212 |       ||   286
       Headbutt          |     5 |    28 |    22 ||    55
       Flail             |       |     3 |   168 ||   171
Invok: Sacrifice an Eye  |       |     1 |       ||     1
       Sacrifice Arcana  |       |       |     1 ||     1
  Use: Potion            |     4 |       |     5 ||     9
       Scroll            |       |     6 |     2 ||     8
 Stab: Sleeping          |       |       |     1 ||     1
  Eat: Chunk             |     1 |     6 |     4 ||    11
Armor: Leather armour    |    35 |    82 |    54 ||   171
       Scale mail        |     3 |       |       ||     3
       Skin              |     4 |       |       ||     4
Dodge: Dodged            |    25 |   126 |    62 ||   213
Block: Shield            |    43 |   135 |    87 ||   265
       Rpst.: Long sword |     6 |    41 |       ||    47
